General information
			
			
        
        - name: meow
 
        - type: Ladder 1vs1/FFA
 
        - host: iggy_the_fisk
 
        - saver: BEAR_AND
 
        
map: aps\Download\ffas\deathknell elFFA 
        - players: 8
 
        - length: 90:10
 
        - speed: Fast
 - version: 1.22 W3XP
 - replay type:  

 
» download(956 KB)
Players
        team 1 (loser) 
              
              
iggy_the_fisk (
red | 23 APM | 2079 actions | 90:10)
              
 3 Pit Lord 
 2 Rain of Fire
 1 Cleaving Attack
 1 Pandaren Brewmaster 
 1 Breath of Fire
 
                » actions 
                
                | Assign group hotkey | 110 |  | 
| Basic commands | 2 |  | 
| Build / train | 37 |  | 
| Enter build submenu | 29 |  | 
| Enter hero's abilities submenu | 5 |  | 
| Remove unit from queue | 2 |  | 
| Right click | 1407 |  | 
| Select / deselect | 279 |  | 
| Select group hotkey | 125 |  | 
| Use ability | 83 |  | 
                2079 total
 » units 
                » upgrades
                » buildings
                
                | Altar of Elders | 3 |  | 
| Moon Well | 16 |  | 
| Ancient of War | 2 |  | 
| Tree of Ages | 1 |  | 
| Ancient of Wonders | 1 |  | 
| Hunter's Hall | 1 |  | 
| Ancient of Lore | 1 |  | 
| Tree of Life | 1 |  | 
                26 total
 » build order
                00:06 Altar of Elders
00:18 Moon Well
00:41 Ancient of War
01:30 Moon Well
02:03 Moon Well
03:38 Moon Well
03:39 Ancient of War
05:04 Tree of Ages
05:08 Moon Well
05:32 Moon Well
06:43 Moon Well
06:44 Moon Well
07:11 Moon Well
07:15 Ancient of Wonders
08:08 Moon Well
08:54 Hunter's Hall
09:19 Moon Well
10:05 Ancient of Lore
10:12 Moon Well
10:34 Moon Well
11:18 Altar of Elders
12:03 Altar of Elders
12:27 Tree of Life
12:39 Moon Well
12:47 Moon Well
14:01 Moon Well
 
               team 2 (loser) 
              
              
Mata. (
green | 108 APM | 9729 actions | 90:08)
              
 4 Pandaren Brewmaster 
 2 Breath of Fire
 2 Drunken Haze
 2 Naga Sea Witch 
 1 Frost Arrows
 1 Forked Lightning
 
                » actions 
                
                | Assign group hotkey | 755 |  | 
| Basic commands | 74 |  | 
| Build / train | 127 |  | 
| ESC pressed | 2 |  | 
| Enter build submenu | 66 |  | 
| Enter hero's abilities submenu | 6 |  | 
| Give item / drop item | 1 |  | 
| Remove unit from queue | 6 |  | 
| Right click | 6061 |  | 
| Select / deselect | 1540 |  | 
| Select group hotkey | 493 |  | 
| Use ability | 598 |  | 
                9729 total
 » units 
                
                | Wisp | 42 |  | 
| Archer | 10 |  | 
| Druid of the Talon | 34 |  | 
| Dryad | 3 |  | 
| Goblin Zeppelin | 6 |  | 
| Goblin Shredder | 1 |  | 
| Glaive Thrower | 3 |  | 
                99 total
 » upgrades
                
                | Nature's Blessing | 1 |  | 
| Vorpal Blades | 1 |  | 
| Druid of the Talon Training | 1 |  | 
                3 total
 » buildings
                
                | Altar of Elders | 3 |  | 
| Moon Well | 14 |  | 
| Ancient of War | 2 |  | 
| Ancient of Wonders | 2 |  | 
| Tree of Ages | 3 |  | 
| Hunter's Hall | 3 |  | 
| Ancient of Wind | 3 |  | 
| Ancient of Lore | 1 |  | 
| Tree of Life | 9 |  | 
                40 total
 » build order
                00:13 Altar of Elders
00:38 Moon Well
01:28 Ancient of War
02:05 Moon Well
03:02 Moon Well
03:18 Ancient of Wonders
03:26 Ancient of Wonders
04:02 Tree of Ages
04:03 Tree of Ages
04:24 Hunter's Hall
04:27 Hunter's Hall
06:30 Moon Well
06:31 Moon Well
07:33 Ancient of Wind
07:35 Ancient of Lore
13:19 Tree of Life
15:51 Altar of Elders
16:55 Tree of Life
21:08 Tree of Ages
24:30 Tree of Life
25:03 Tree of Life
30:14 Ancient of War
30:18 Hunter's Hall
31:52 Moon Well
32:23 Moon Well
43:59 Moon Well
44:03 Moon Well
46:01 Tree of Life
55:09 Tree of Life
57:39 Moon Well
58:36 Ancient of Wind
61:56 Moon Well
61:58 Moon Well
62:48 Moon Well
65:20 Ancient of Wind
69:21 Altar of Elders
70:26 Moon Well
72:15 Tree of Life
73:20 Tree of Life
78:58 Tree of Life
» items
                
                | Lesser Clarity Potion | 1 |  | 
| Dust of Appearance | 1 |  | 
| Potion of Healing | 2 |  | 
                4 total
  
               team 3 (winner) 
              
              
NADMaN (
dark-green | 150 APM | 13497 actions | 90:09)
              
 7 Pandaren Brewmaster 
 3 Breath of Fire
 3 Drunken Haze
 1 Storm Earth and Fire
 7 Beastmaster 
 3 Summon Bear
 3 Summon Quilbeast
 1 Stampede
 9 Dark Ranger 
 3 Black Arrow
 3 Silence
 1 Charm
 2 Life Drain
 
                » actions 
                
                | Assign group hotkey | 53 |  | 
| Basic commands | 773 |  | 
| Build / train | 214 |  | 
| ESC pressed | 24 |  | 
| Enter build submenu | 49 |  | 
| Enter hero's abilities submenu | 33 |  | 
| Give item / drop item | 7 |  | 
| Remove unit from queue | 2 |  | 
| Right click | 5388 |  | 
| Select / deselect | 1902 |  | 
| Select group hotkey | 4490 |  | 
| Use ability | 562 |  | 
                13497 total
 » units 
                
                | Wisp | 77 |  | 
| Archer | 16 |  | 
| Dryad | 11 |  | 
| Mountain Giant | 7 |  | 
| Goblin Zeppelin | 14 |  | 
| Druid of the Talon | 6 |  | 
                131 total
 » upgrades
                
                | Improved Bows | 1 |  | 
| Strength of the Moon | 3 |  | 
| Strength of the Wild | 3 |  | 
| Druid of the Claw Training | 1 |  | 
| Reinforced Hides | 3 |  | 
| Resistant Skin | 1 |  | 
| Hardened Skin | 1 |  | 
| Well Spring | 1 |  | 
| Ultravision | 1 |  | 
| Moon Armor | 1 |  | 
| Nature's Blessing | 1 |  | 
| Druid of the Talon Training | 2 |  | 
| Mark of the Claw | 1 |  | 
| Mark of the Talon | 1 |  | 
                21 total
 » buildings
                
                | Altar of Elders | 3 |  | 
| Moon Well | 16 |  | 
| Ancient of War | 5 |  | 
| Tree of Ages | 1 |  | 
| Tree of Life | 12 |  | 
| Hunter's Hall | 1 |  | 
| Ancient of Lore | 3 |  | 
| Tree of Eternity | 2 |  | 
| Ancient of Wonders | 7 |  | 
| Ancient of Wind | 1 |  | 
                51 total
 » build order
                00:07 Altar of Elders
00:18 Moon Well
00:46 Ancient of War
01:41 Moon Well
02:06 Ancient of War
02:16 Ancient of War
02:24 Ancient of War
02:29 Ancient of War
02:39 Moon Well
04:30 Tree of Ages
05:01 Tree of Life
05:55 Hunter's Hall
08:20 Moon Well
08:24 Ancient of Lore
09:47 Ancient of Lore
10:49 Tree of Eternity
10:49 Tree of Eternity
11:45 Moon Well
13:39 Altar of Elders
14:54 Ancient of Wonders
15:41 Tree of Life
17:50 Tree of Life
20:24 Altar of Elders
20:33 Ancient of Lore
21:35 Ancient of Wonders
23:03 Moon Well
23:06 Moon Well
27:20 Tree of Life
27:22 Tree of Life
27:35 Ancient of Wind
27:59 Tree of Life
30:14 Tree of Life
31:08 Tree of Life
32:29 Tree of Life
36:07 Ancient of Wonders
36:14 Ancient of Wonders
36:17 Ancient of Wonders
36:31 Moon Well
36:31 Moon Well
36:33 Moon Well
36:36 Moon Well
37:41 Moon Well
37:42 Moon Well
37:44 Moon Well
37:47 Moon Well
37:48 Moon Well
42:49 Tree of Life
42:55 Tree of Life
45:52 Ancient of Wonders
45:56 Ancient of Wonders
54:48 Tree of Life
» items
                
                | Scroll of Town Portal | 15 |  | 
| Staff of Preservation | 3 |  | 
| Orb of Venom | 2 |  | 
| Potion of Healing | 3 |  | 
| Dust of Appearance | 1 |  | 
                24 total
  
               team 4 (loser) 
              
              
timg4strok (
gray | 62 APM | 5597 actions | 90:03)
              
 6 Pandaren Brewmaster 
 3 Breath of Fire
 2 Drunken Brawler
 1 Storm Earth and Fire
 5 Dark Ranger 
 3 Black Arrow
 2 Silence
 
                » actions 
                
                | Assign group hotkey | 66 |  | 
| Basic commands | 144 |  | 
| Build / train | 125 |  | 
| ESC pressed | 4 |  | 
| Enter build submenu | 21 |  | 
| Enter hero's abilities submenu | 11 |  | 
| Give item / drop item | 1 |  | 
| Right click | 2925 |  | 
| Select / deselect | 634 |  | 
| Select group hotkey | 1505 |  | 
| Use ability | 161 |  | 
                5597 total
 » units 
                
                | Wisp | 32 |  | 
| Archer | 36 |  | 
| Druid of the Talon | 6 |  | 
| Dryad | 7 |  | 
                81 total
 » upgrades
                
                | Improved Bows | 1 |  | 
| Druid of the Talon Training | 1 |  | 
| Strength of the Moon | 2 |  | 
| Abolish Magic | 1 |  | 
| Marksmanship | 1 |  | 
| Well Spring | 1 |  | 
| Ultravision | 1 |  | 
| Strength of the Wild | 1 |  | 
| Reinforced Hides | 1 |  | 
| Resistant Skin | 1 |  | 
                11 total
 » buildings
                
                | Altar of Elders | 1 |  | 
| Ancient of War | 1 |  | 
| Moon Well | 7 |  | 
| Tree of Ages | 1 |  | 
| Ancient of Wonders | 1 |  | 
| Ancient of Wind | 1 |  | 
| Hunter's Hall | 1 |  | 
| Tree of Eternity | 1 |  | 
| Tree of Life | 6 |  | 
| Ancient of Lore | 2 |  | 
                22 total
 » build order
                00:03 Altar of Elders
00:06 Ancient of War
00:15 Moon Well
01:44 Moon Well
02:26 Moon Well
03:14 Moon Well
03:31 Tree of Ages
05:48 Ancient of Wonders
06:03 Ancient of Wind
06:45 Hunter's Hall
11:07 Tree of Eternity
12:24 Tree of Life
12:28 Tree of Life
13:03 Ancient of Lore
14:09 Tree of Life
16:26 Moon Well
17:28 Moon Well
20:34 Tree of Life
20:51 Moon Well
22:23 Tree of Life
26:10 Ancient of Lore
29:17 Tree of Life
» items
                
                | Staff of Preservation | 2 |  | 
| Potion of Healing | 5 |  | 
| Potion of Mana | 3 |  | 
| Scroll of Town Portal | 6 |  | 
| Orb of Venom | 1 |  | 
                17 total
  
               team 5 (loser) 
              
              
bLinn (
purple | 128 APM | 11528 actions | 90:09)
              
 7 Pandaren Brewmaster 
 3 Breath of Fire
 2 Drunken Haze
 1 Drunken Brawler
 1 Storm Earth and Fire
 7 Dark Ranger 
 3 Black Arrow
 1 Life Drain
 2 Silence
 1 Charm
 6 Beastmaster 
 3 Summon Quilbeast
 2 Summon Bear
 1 Stampede
 
                » actions 
                
                | Assign group hotkey | 270 |  | 
| Basic commands | 18 |  | 
| Build / train | 182 |  | 
| ESC pressed | 5 |  | 
| Enter build submenu | 29 |  | 
| Enter hero's abilities submenu | 21 |  | 
| Give item / drop item | 8 |  | 
| Remove unit from queue | 33 |  | 
| Right click | 6347 |  | 
| Select / deselect | 1784 |  | 
| Select group hotkey | 2405 |  | 
| Use ability | 425 |  | 
                11528 total
 » units 
                
                | Wisp | 27 |  | 
| Archer | 9 |  | 
| Glaive Thrower | 11 |  | 
| Huntress | 3 |  | 
| Dryad | 18 |  | 
| Druid of the Claw | 6 |  | 
| Goblin Zeppelin | 5 |  | 
| Mountain Giant | 3 |  | 
                82 total
 » upgrades
                
                | Strength of the Moon | 2 |  | 
| Ultravision | 1 |  | 
| Improved Bows | 1 |  | 
| Moon Armor | 1 |  | 
| Vorpal Blades | 1 |  | 
| Abolish Magic | 1 |  | 
| Druid of the Claw Training | 2 |  | 
| Strength of the Wild | 3 |  | 
| Marksmanship | 0 |  | 
| Mark of the Claw | 1 |  | 
| Well Spring | 1 |  | 
| Reinforced Hides | 2 |  | 
| Resistant Skin | 1 |  | 
| Hardened Skin | 1 |  | 
| Upgrade Moon Glaive | 1 |  | 
| Nature's Blessing | 1 |  | 
                20 total
 » buildings
                
                | Altar of Elders | 1 |  | 
| Moon Well | 9 |  | 
| Ancient of War | 2 |  | 
| Hunter's Hall | 1 |  | 
| Tree of Ages | 2 |  | 
| Ancient of Wonders | 1 |  | 
| Tree of Life | 6 |  | 
| Ancient of Lore | 2 |  | 
| Tree of Eternity | 3 |  | 
| Ancient of Wind | 1 |  | 
                28 total
 » build order
                00:02 Altar of Elders
00:09 Moon Well
00:33 Ancient of War
01:29 Moon Well
02:31 Hunter's Hall
02:38 Ancient of War
03:50 Moon Well
05:08 Moon Well
05:27 Tree of Ages
05:28 Tree of Ages
06:16 Moon Well
06:18 Ancient of Wonders
07:12 Tree of Life
10:54 Ancient of Lore
13:04 Ancient of Lore
16:32 Tree of Eternity
16:32 Tree of Eternity
16:32 Tree of Eternity
19:04 Moon Well
19:05 Moon Well
23:02 Ancient of Wind
25:07 Tree of Life
33:04 Tree of Life
36:36 Moon Well
36:37 Moon Well
36:39 Tree of Life
44:57 Tree of Life
53:08 Tree of Life
» items
                
                | Staff of Preservation | 3 |  | 
| Scroll of Town Portal | 5 |  | 
| Orb of Venom | 2 |  | 
| Potion of Healing | 1 |  | 
                11 total
  
               team 6 (loser) 
              
              
BEAR_AND (
blue | 49 APM | 4455 actions | 90:10)
              
 5 Pandaren Brewmaster 
 3 Breath of Fire
 2 Drunken Haze
 3 Beastmaster 
 1 Summon Quilbeast
 2 Summon Hawk
 2 Dark Ranger 
 1 Life Drain
 1 Silence
 
                » actions 
                
                | Assign group hotkey | 57 |  | 
| Basic commands | 7 |  | 
| Build / train | 123 |  | 
| Enter build submenu | 45 |  | 
| Enter hero's abilities submenu | 10 |  | 
| Give item / drop item | 3 |  | 
| Remove unit from queue | 17 |  | 
| Right click | 2581 |  | 
| Select / deselect | 665 |  | 
| Select group hotkey | 727 |  | 
| Use ability | 211 |  | 
                4455 total
 » units 
                
                | Wisp | 34 |  | 
| Archer | 20 |  | 
| Druid of the Claw | 11 |  | 
                65 total
 » upgrades
                
                | Ultravision | 1 |  | 
| Well Spring | 1 |  | 
| Druid of the Claw Training | 2 |  | 
| Strength of the Wild | 1 |  | 
| Mark of the Claw | 1 |  | 
                6 total
 » buildings
                
                | Altar of Elders | 2 |  | 
| Moon Well | 9 |  | 
| Ancient of War | 14 |  | 
| Ancient of Wonders | 2 |  | 
| Hunter's Hall | 1 |  | 
| Tree of Ages | 1 |  | 
| Tree of Life | 5 |  | 
| Tree of Eternity | 1 |  | 
| Ancient of Lore | 2 |  | 
                37 total
 » build order
                00:10 Altar of Elders
00:18 Moon Well
00:31 Ancient of War
01:32 Moon Well
02:26 Ancient of Wonders
03:04 Ancient of War
03:05 Ancient of War
03:43 Moon Well
05:01 Hunter's Hall
06:37 Tree of Ages
07:40 Moon Well
08:16 Moon Well
08:39 Ancient of War
09:11 Moon Well
09:45 Tree of Life
10:36 Tree of Life
12:59 Ancient of War
13:25 Ancient of War
14:31 Tree of Life
15:48 Tree of Eternity
17:03 Ancient of Lore
17:04 Ancient of Lore
17:16 Ancient of War
17:17 Ancient of War
17:28 Ancient of Wonders
17:42 Ancient of War
17:44 Ancient of War
18:46 Ancient of War
18:47 Ancient of War
18:48 Ancient of War
18:55 Ancient of War
21:24 Tree of Life
22:17 Moon Well
22:20 Moon Well
23:16 Moon Well
26:28 Altar of Elders
27:56 Tree of Life
» items
                
                | Lesser Clarity Potion | 4 |  | 
| Dust of Appearance | 2 |  | 
| Staff of Preservation | 3 |  | 
| Orb of Venom | 3 |  | 
| Potion of Healing | 5 |  | 
| Potion of Mana | 1 |  | 
| Scroll of Town Portal | 1 |  | 
                19 total
  
               team 7 (loser) 
              
              
Rezifut (
teal | 13 APM | 1192 actions | 90:10)
              
 2 Dark Ranger 
 1 Black Arrow
 1 Life Drain
 
                » actions 
                
                | Assign group hotkey | 66 |  | 
| Build / train | 36 |  | 
| Enter build submenu | 10 |  | 
| Enter hero's abilities submenu | 2 |  | 
| Right click | 769 |  | 
| Select / deselect | 200 |  | 
| Select group hotkey | 58 |  | 
| Use ability | 51 |  | 
                1192 total
 » units 
                » upgrades
                
                | Strength of the Moon | 1 |  | 
| Moon Armor | 1 |  | 
                2 total
 » buildings
                
                | Altar of Elders | 1 |  | 
| Moon Well | 4 |  | 
| Ancient of War | 2 |  | 
| Hunter's Hall | 1 |  | 
| Tree of Ages | 1 |  | 
                9 total
 » build order
                00:04 Altar of Elders
00:17 Moon Well
00:32 Ancient of War
01:37 Moon Well
02:29 Hunter's Hall
03:46 Moon Well
03:48 Moon Well
04:21 Tree of Ages
06:55 Ancient of War
 
               team 8 (loser) 
              
              
DirtMcGirt (
yellow | 103 APM | 9235 actions | 89:15)
              
 7 Beastmaster 
 3 Summon Quilbeast
 3 Summon Hawk
 1 Stampede
 7 Firelord 
 3 Summon Lava Spawn
 3 Soul Burn
 1 Volcano
 1 Naga Sea Witch 
 1 Frost Arrows
 1 Pandaren Brewmaster 
 1 Breath of Fire
 
                » actions 
                
                | Assign group hotkey | 50 |  | 
| Basic commands | 1 |  | 
| Build / train | 145 |  | 
| Enter build submenu | 29 |  | 
| Enter hero's abilities submenu | 16 |  | 
| Give item / drop item | 3 |  | 
| Remove unit from queue | 9 |  | 
| Right click | 4451 |  | 
| Select / deselect | 3000 |  | 
| Select group hotkey | 1191 |  | 
| Use ability | 340 |  | 
                9235 total
 » units 
                
                | Wisp | 33 |  | 
| Archer | 5 |  | 
| Dryad | 7 |  | 
| Goblin Sapper | 3 |  | 
| Druid of the Claw | 18 |  | 
| Glaive Thrower | 2 |  | 
| Goblin Zeppelin | 5 |  | 
| Druid of the Talon | 6 |  | 
                79 total
 » upgrades
                
                | Druid of the Claw Training | 2 |  | 
| Reinforced Hides | 3 |  | 
| Abolish Magic | 1 |  | 
| Vorpal Blades | 1 |  | 
| Strength of the Wild | 3 |  | 
| Mark of the Claw | 1 |  | 
| Upgrade Moon Glaive | 1 |  | 
| Sentinel | 1 |  | 
| Improved Bows | 1 |  | 
| Marksmanship | 1 |  | 
| Nature's Blessing | 1 |  | 
| Backpack | 1 |  | 
| Druid of the Talon Training | 2 |  | 
                19 total
 » buildings
                
                | Altar of Elders | 1 |  | 
| Moon Well | 13 |  | 
| Ancient of War | 13 |  | 
| Tree of Ages | 3 |  | 
| Ancient of Wonders | 3 |  | 
| Hunter's Hall | 1 |  | 
| Ancient of Lore | 4 |  | 
| Tree of Life | 5 |  | 
| Tree of Eternity | 4 |  | 
| Ancient of Wind | 2 |  | 
                49 total
 » build order
                00:13 Altar of Elders
00:19 Moon Well
00:40 Ancient of War
01:43 Moon Well
03:04 Tree of Ages
03:08 Moon Well
03:43 Ancient of Wonders
04:44 Hunter's Hall
05:33 Moon Well
07:08 Ancient of Lore
07:19 Moon Well
07:51 Ancient of Lore
08:53 Tree of Life
13:02 Tree of Eternity
13:02 Tree of Eternity
13:37 Ancient of War
22:19 Tree of Life
26:11 Tree of Life
31:45 Tree of Life
33:27 Tree of Life
41:23 Ancient of War
41:24 Ancient of War
41:25 Ancient of War
41:27 Ancient of War
41:28 Ancient of War
41:30 Ancient of War
46:45 Tree of Ages
49:34 Ancient of War
49:36 Ancient of War
49:38 Ancient of War
49:40 Ancient of War
49:42 Ancient of War
49:47 Moon Well
49:48 Moon Well
49:50 Moon Well
49:53 Moon Well
50:40 Ancient of Lore
50:43 Tree of Ages
51:12 Moon Well
51:15 Moon Well
51:18 Moon Well
51:20 Moon Well
51:26 Tree of Eternity
52:10 Ancient of Wonders
52:15 Ancient of Wonders
52:25 Ancient of Wind
52:27 Ancient of Wind
53:39 Tree of Eternity
62:21 Ancient of Lore
» items
                
                | Lesser Clarity Potion | 1 |  | 
| Orb of Venom | 2 |  | 
| Scroll of Town Portal | 5 |  | 
| Staff of Preservation | 2 |  | 
| Potion of Healing | 1 |  | 
                11 total
  
                Chat log
          
(01:00 / All) NADMaN: no keyboard
(01:01 / All) NADMaN: fuck
(01:57 / All) timg4strok: 3 cheer fo riggy
(11:43 / All) Rezifut: dota has skills?
(19:07 / All) DirtMcGirt: lol
(33:56 / All) DirtMcGirt: silence ugh
(34:50 / All) DirtMcGirt: what
(34:51 / All) DirtMcGirt: zep?
(37:35 / Observers) Rezifut: or maybe he had panda and 10 more archers than me..
(37:54 / Observers) BEAR_AND: i think not knowing how to make units @ beginning of game constitutes "sucks"
(38:24 / Observers) Rezifut: naw dude i just hope you dont fuck up my base
(38:26 / Observers) Rezifut: which you always do
(38:45 / Observers) Rezifut: the two aows was a nice touch though
(55:17 / Observers) timg4strok: wheres blkinns dr
(55:33 / Observers) timg4strok: he might kill this
(72:57 / Observers) timg4strok: was gonna say mata has the most gold
(72:59 / Observers) timg4strok: then i looked at nad
(73:06 / Observers) BEAR_AND: nad can't lose now
(73:26 / Observers) BEAR_AND: dirtmc "No Micro" girt and blinn "Scapegoat" rutherford no threat to him
(73:46 / Observers) timg4strok: blinn "no gold no problem" rutherford jr
(73:54 / Observers) Rezifut: have you forgotten about mata???
(74:02 / Observers) BEAR_AND: mata just dirtmcgirt's right hand
(76:27 / Observers) timg4strok: he has to sell
(76:29 / Observers) timg4strok: to get out
(76:31 / Observers) timg4strok: unless
(76:37 / Observers) timg4strok: he cans taff from below
(79:24 / Observers) NADMaN: 114 pop
(79:24 / Observers) NADMaN: lol